 Dungeon Crawl Stone Soup version 0.29.1-12-g30fa7ad0bf (webtiles) character file.

Game seed: 7781280005056486387

69 hawla the Firebug (level 4, -13/33 HPs)
             Began as a Meteoran Fire Elementalist on Jan 10, 2023.
             Mangled by Duvessa
             ... wielding a +2 vampiric rapier
              (14 damage)
             ... on level 4 of the Dungeon.
             The game lasted 00:03:27 (484 turns).

hawla the Firebug (Meteoran Fire Elementalist)       Turns: 484, Time: 00:03:28

Health: -13/33     AC:  3    Str:  9    XL:     4   Next: 70%
Magic:  1/10       EV: 13    Int: 19    God:
Gold:   59         SH:  0    Dex: 19    Spells: 3/10 levels left

rFire   + + .      SeeInvis +   g - +5 falchion of Beyond {flame, Dex+5}
rCold   . . .      Faith    .   (no shield)
rNeg    . . .      Spirit   .   a - +1 robe
rPois   .          Reflect  .   (no helmet)
rElec   +          Harm     .   (no cloak)
rCorr   +          Rampage  .   (no gloves)
Will    .....                   (no boots)
Stlth   +.........              (no amulet)
HPRegen 0.11/turn               c - ring of Dailaoch {Wiz rElec rF++ rCorr SInv}
MPRegen 0.12/turn               (no ring)

@: glowing
A: sense surroundings 1, otherworldly, glowing, explore regen
a: no special abilities


You were on level 4 of the Dungeon.
You visited 1 branch of the dungeon, and saw 4 of its levels.

You collected 59 gold pieces.

Inventory:

Hand Weapons
 g - the +5 falchion of Beyond (weapon) {flame, Dex+5}
   (You found it on level 3 of the Dungeon)

   It burns those it strikes, dealing additional fire damage.
   Big, fiery blades are also staple armaments of hydra-hunters.
   Dex:       It affects your dexterity (+5).
Armour
 a - a +1 robe (worn)
Jewellery
 c - the ring of Dailaoch (left hand) {Wiz rElec rF++ rCorr SInv}
   (You acquired it on level 2 of the Dungeon)

   [ring of wizardry]

   It improves your spell success rate.
   rF:        It greatly protects you from fire.
   rElec:     It insulates you from electricity.
   SInv:      It lets you see invisible.
   rCorr:     It protects you from acid and corrosion.
 i - a ring of ice
Wands
 l - a wand of flame (27)
Scrolls
 e - a scroll of identify
Potions
 b - a potion of magic
 d - a potion of lignification
 k - a potion of attraction {unknown}


   Skills:
 + Level 0.3 Long Blades
 + Level 2.8 Dodging
 - Level 1.5 Stealth
 + Level 3.6 Spellcasting
 + Level 1.9 Conjurations
 + Level 4.8 Fire Magic


You had 3 spell levels left.
You knew the following spells:

 Your Spells              Type           Power      Damage    Failure   Level
a - Foxfire               Conj/Fire      64%        2x1d7     1%          1
b - Scorch                Fire           42%        2d7       1%          2
c - Flame Wave            Conj/Fire      16%        2d7       14%         4

Your spell library contained the following spells:

 Spells                   Type           Power      Damage    Failure   Level
 Conjure Flame            Conj/Fire      16%        6-21      4%          3
 Inner Flame              Hex/Fire       12%        N/A       6%          3


Dungeon Overview and Level Annotations

Branches:
Dungeon (4/15) Zot: 1914
 Temple: D:4-7

Altars:

Annotations:
D:4 Duvessa


Innate Abilities, Weirdness & Mutations

You passively map a small area around you.
You are easily found by Zot.
You glow in the dark.
You regain HP and MP as you explore.


Message History

Casting: Scorch (safe; 1% risk of failure)
Confirm with . or Enter, or press ? or * to list all spells.
Flames lash Duvessa.
Duvessa is burned terribly!
Duvessa is heavily wounded.
Casting: Scorch (safe; 1% risk of failure)
Confirm with . or Enter, or press ? or * to list all spells.
Flames lash Duvessa.
Duvessa is burned terribly!
Duvessa is severely wounded.
Duvessa barely misses you. x2
Casting: Scorch (safe; 1% risk of failure)
Confirm with . or Enter, or press ? or * to list all spells.
Flames lash Duvessa.
Duvessa is burned terribly!
Duvessa is almost dead.
Duvessa hits you with a +2 vampiric rapier!
Casting: Scorch (safe; 1% risk of failure)
Confirm with . or Enter, or press ? or * to list all spells.
You conjure some foxfire!
Duvessa misses you. x2
Casting: Foxfire (safe; 1% risk of failure)
Confirm with . or Enter, or press ? or * to list all spells.
You don't have enough magic to cast this spell.
You closely miss Duvessa.
Duvessa is almost dead.
The foxfire hits Duvessa but does no damage.
Duvessa is almost dead.
The foxfire hits Duvessa but does no damage.
Duvessa is almost dead.
Duvessa hits you with a +2 vampiric rapier.
Duvessa draws strength from your wounds!
You hit Duvessa. You burn Duvessa.
Duvessa is almost dead.
Duvessa hits you with a +2 vampiric rapier!
* * * LOW HITPOINT WARNING * * *
Duvessa misses you.
Casting: Foxfire (safe; 1% risk of failure)
Confirm with . or Enter, or press ? or * to list all spells.
You conjure some foxfire!
Duvessa hits you with a +2 vampiric rapier!
* * * LOW HITPOINT WARNING * * *
Duvessa hits you with a +2 vampiric rapier!
You die...

#.##########
#.##.......#
#.##.#####.#
#.##.....#.#
#.######.#.# #.#
#.#.# ##### #.#
#.#.###....
##e######.#......##
#v@v....#.######.#
#######.#<#......#
#.###.###### #.#
#.# #.# #.# #.###.#
#..)..# #######


You could see Duvessa (berserk, combustible, ally target).

Vanquished Creatures
  Dowan (D:4)
  An adder (D:3)
  A worm (D:2)
  An orc (D:3)
  An endoplasm (D:3)
  2 hobgoblins (D:3)
  A quokka (D:2)
  A ball python (D:3)
  A frilled lizard (D:2)
  A goblin (D:3)
  2 kobolds (D:2)
13 creatures vanquished.

Vanquished Creatures (others)
  30 foxfires
30 creatures vanquished.

Grand Total: 43 creatures vanquished

Notes
Turn   | Place    | Note
-------+----------+-------------------------------------------
     0 | D:1      | hawla the Meteoran Fire Elementalist began the quest for
                  | the Orb.
     0 | D:1      | Reached XP level 1. HP: 14/14 MP: 5/5
    19 | D:2      | Identified a scroll of acquirement
    19 | D:2      | Acquired the ring of Dailaoch {Wiz rElec rF++ rCorr SInv}
    45 | D:2      | Reached XP level 2. HP: 20/20 MP: 1/6
    72 | D:2      | Reached skill level 4 in Fire Magic
   177 | D:3      | Reached XP level 3. HP: 26/26 MP: 4/8
   184 | D:3      | Identified the +5 falchion of Beyond {flame, Dex+5}
   428 | D:4      | Noticed Dowan
   428 | D:4      | Noticed Duvessa
   441 | D:4      | Killed Dowan
   442 | D:4      | Reached XP level 4. HP: 30/33 MP: 6/10
   445 | D:4      | Learned a level 2 spell: Scorch
   450 | D:4      | Learned a level 4 spell: Flame Wave
   484 | D:4      | HP: 1/33 [Duvessa/+2 vampiric rapier (8)]
   484 | D:4      | Mangled by Duvessa

Illustrated notes

Levels and vault maps discovered:
D:1:      scummos_arrival_hexagon, layout_rooms,
          shapermc_ecumenical_altar_pompeii, chequers_avenue,
          kennysheep_decorative_pillar
D:2:      minmay_wonky_spiral, layout_loops_ring, roderic_serpentine_path
D:3:      layout_basic, ebering_ghost_sewer_d, st_stairs_10, feat_on_display
D:4:      minmay_clustersquares, layout_basic, uniq_duvessa, uniq_grinder

Skill      XL: |  1  2 |
---------------+-------+-----
Fire Magic     | 4 |  4.8
Spellcasting   | 3 |  3.6
Long Blades    | |  0.3
Dodging        | |  2.8
Stealth        | |  1.5
Conjurations   | |  1.9

Action                   |  1- 3 |  4- 6 || total
-------------------------+-------+-------++-------
Melee: Unarmed           |     3 |       ||     3
       Falchion          |     6 |     2 ||     8
 Cast: Foxfire           |    15 |     3 ||    18
       Scorch            |       |     4 ||     4
  Use: Scroll            |     7 |       ||     7
 Stab: Sleeping          |     1 |       ||     1
Armor: Robe              |     3 |       ||     3
Dodge: Dodged            |     4 |     5 ||     9
